AoeStats
← Andor2002

Arena

510058633Analyzed
1v1 RM · 4d ago on Sep 29, 2026· 53m 51s· 2 players
Game mode
Random Map
Map size
Tiny (2 player)
Population
200
Speed
Normal
Resources
Standard
Victory
Conquest
Starting age
Dark Age
Ending age
Imperial Age
RankedLock teamsTeams togetherTeam positionsShared explorationLock speedFull tech treeHidden civsTurbo modeCheats
Victory
Defeat
🇨🇳 Mongols · China
1052
+15
🇳🇱 Vikings · Netherlands
1030
-15
Andor2002
11:42 Feudal Age
10:40 Loom
12:34 Double-Bit Axe
13:12 Horse Collar
17:53 Castle Age
19:06 Loom
19:07 Town Watch
19:42 Heavy Plow
20:18 Loom
20:19 Town Watch
30:17 Imperial Age
27:55 Town Patrol
27:58 Fletching
29:14 Stone Mining
29:17 Gold Mining
29:22 Crossbowman
30:10 Squires
30:19 Scale Mail Armor
30:22 Padded Archer Armor
30:00 Elite Skirmisher
32:12 Bodkin Arrow
32:32 Leather Archer Armor
31:43 Elite Varangian Guard
32:09 Arson
32:40 Forging
33:10 Chain Mail Armor
33:15 Masonry
34:08 Chemistry
33:56 Hoardings
34:09 Conscription
34:26 Bogsveigar
36:16 Arbalester
37:29 Ring Archer Armor
38:01 Pikeman
39:09 Bracer
40:13 Plate Mail Armor
40:19 Iron Casting
40:29 Chieftains
44:29 Murder Holes
44:54 Ballistics
45:07 Architecture
44:24 Arrowslits
45:37 Bow Saw
46:21 Crop Rotation
46:29 Crop Rotation
55:19 Blast Furnace
二叔玩帝国
8:08 Feudal Age
8:14 Feudal Age
14:06 Castle Age
12:29 Double-Bit Axe
12:55 Horse Collar
22:16 Bow Saw
23:35 Wheelbarrow
23:34 Fletching
23:50 Heavy Plow
24:58 Bodkin Arrow
29:57 Imperial Age
28:54 Ballistics
30:37 Bloodlines
30:27 Husbandry
30:34 Husbandry
30:50 Thumb Ring
31:32 Conscription
30:34 Elite Mangudai
31:36 Nomads
32:38 Chemistry
31:40 Bracer
31:41 Padded Archer Armor
32:20 Scale Barding Armor
32:38 Hand Cart
32:18 Town Watch
33:32 Parthian Tactics
34:19 Masonry
33:42 Heavy Cavalry Archer
35:09 Elite Steppe Lancer
35:13 Light Cavalry
37:20 Chain Barding Armor
37:34 Forging
38:10 Leather Archer Armor
38:24 Capped Ram
42:10 Siege Ram
43:35 Drill
43:03 Hussar
44:48 Iron Casting
45:41 Siege Engineers
46:58 Blast Furnace
Connection lost

Rejoining the realm…

Still unreachable

The connection could not be restored.

Session expired

The server has moved on; the page needs a fresh start.